PBL
SOUTHERN MARYLAND BLUE CRABS @ PARIS CUBS
08/27/2044
 
TOP OF THE 1ST
Southern Maryland Blue Crabs batting - Pitching for Paris Cubs : LHP Ricardo Saucedo
Pitching: LHP Ricardo Saucedo
Batting: LHB Ralph Braine 0-0: Ball
1-0: Ball
2-0: Ball
3-0: Called Strike
3-1: Foul Ball, location: 2F
3-2: Ground out 5-3 (Groundball, 5, EV 86.9 MPH)
Batting: RHB Tony Fernandez 0-0: Swinging Strike
0-1: Foul Ball, location: 2F
0-2: Ball
1-2: Ball
2-2: Strikes out looking and he ARGUES THE CALL AND IS TOSSED!
Batting: RHB Ben Sutton 0-0: Ball
1-0: Foul Ball, location: 2F
1-1: SINGLE (Flyball, 4MD, EV 90.0 MPH)
Batting: RHB Steve Jones 0-0: Ball
1-0: Called Strike
1-1: Called Strike
1-2: Strikes out swinging
Top of the 1st over - 0 runs, 1 hit, 0 errors, 1 left on base; Southern Maryland 0 - Paris 0
BOTTOM OF THE 1ST
Paris Cubs batting - Pitching for Southern Maryland Blue Crabs : RHP Jason Turley
Pitching: RHP Jason Turley
Now at 1B: Ray Sims
Batting: RHB Du Kim 0-0: Called Strike
0-1: Foul Ball, location: 2F
0-2: Ball
1-2: Ball
2-2: Foul Ball, location: 2F
2-2: Ground out 6-3 (Groundball, 6S, EV 73.8 MPH)
Batting: RHB Puluke Konane 0-0: Ball
1-0: Swinging Strike
1-1: DOUBLE (Line Drive, 7LS, EV 90.0 MPH)
Batting: RHB Brad Santanello 0-0: Ball
1-0: Called Strike
1-1: Foul Ball, location: 2F
1-2: Strikes out looking
Batting: LHB Emir Jalil 0-0: Ball
1-0: Ball
2-0: Foul Ball, location: 2F
2-1: Called Strike
2-2: Fly out, F8 (Flyball, 89S, EV 75.0 MPH)
Bottom of the 1st over - 0 runs, 1 hit, 0 errors, 1 left on base; Southern Maryland 0 - Paris 0
TOP OF THE 2ND
Southern Maryland Blue Crabs batting - Pitching for Paris Cubs : LHP Ricardo Saucedo
Batting: RHB Ismael Macedo 0-0: Called Strike
0-1: Ball
1-1: Ground out 6-3 (Groundball, 6M, EV 85.6 MPH)
Batting: RHB Matt Berrier 0-0: Foul Ball, location: 2F
0-1: SINGLE (Flyball, 4MD, EV 88.8 MPH)
Batting: RHB Jason Burke 0-0: Called Strike
0-1: Ball
1-1: Ball
2-1: Ball
3-1: Base on Balls
Matt Berrier to second
Batting: LHB Antonio Gutierrez 0-0: Foul Ball, location: 2F
0-1: Fielders Choice at 2nd, 3-6 (Groundball, 3, EV 106.9 MPH)
Matt Berrier to third
Batting: RHB Atsunori Ishikawa 0-0: Ball
1-0: Foul Ball, location: 2F
1-1: Ball
2-1: Ground out 4-3 (Groundball, 4M, EV 88.8 MPH)
Top of the 2nd over - 0 runs, 1 hit, 0 errors, 2 left on base; Southern Maryland 0 - Paris 0
BOTTOM OF THE 2ND
Paris Cubs batting - Pitching for Southern Maryland Blue Crabs : RHP Jason Turley
Batting: RHB Ricardo Aguinaga 0-0: Ball
1-0: Ball
2-0: Fly out, F9 (Flyball, 9S, EV 76.9 MPH)
Batting: RHB Khalil Stephens 0-0: Ball
1-0: Ball
2-0: Foul Ball, location: 2F
2-1: Foul Ball, location: 2F
2-2: Fly out, F8 (Line Drive, 8RM, EV 104.4 MPH)
Batting: LHB Hiroki Yamamoto 0-0: SINGLE (Groundball, 56D, EV 102.5 MPH)
Batting: RHB Denis Rachin 0-0: Called Strike
0-1: Swinging Strike
0-2: Ball
1-2: Foul Ball, location: 2F
1-2: Fielders Choice at 2nd, 6-4 (Groundball, 6, EV 99.4 MPH)
Bottom of the 2nd over - 0 runs, 1 hit, 0 errors, 1 left on base; Southern Maryland 0 - Paris 0
TOP OF THE 3RD
Southern Maryland Blue Crabs batting - Pitching for Paris Cubs : LHP Ricardo Saucedo
Batting: LHB Ralph Braine 0-0: Called Strike
0-1: Swinging Strike
0-2: Ball
1-2: Ball
2-2: Fly out, F8 (Flyball, 8LS, EV 84.4 MPH)
Batting: RHB Ray Sims 0-0: Swinging Strike
0-1: Ball
1-1: TRIPLE (Flyball, 78XD, EV 99.4 MPH)
Batting: RHB Ben Sutton 0-0: Fly out, F9 (Flyball, 9, EV 91.9 MPH)
Runner from 3rd tags up, SCORES, no throw by RF
Batting: RHB Steve Jones 0-0: Ball
1-0: Called Strike
1-1: SOLO HOME RUN (Flyball, 78XD, EV 115.6 MPH), Distance : 438 ft
Batting: RHB Ismael Macedo 0-0: Called Strike
0-1: Fly out, F5 (Flyball, 5D, EV 78.8 MPH)
Top of the 3rd over - 2 runs, 2 hits, 0 errors, 0 left on base; Southern Maryland 2 - Paris 0
BOTTOM OF THE 3RD
Paris Cubs batting - Pitching for Southern Maryland Blue Crabs : RHP Jason Turley
Batting: RHB Alvaro Romero 0-0: Called Strike
0-1: Ball
1-1: Ground out 5-3 (Groundball, 56, EV 95.0 MPH)
Batting: RHB Du Kim 0-0: SINGLE (Line Drive, 78M, EV 95.0 MPH)
Batting: RHB Puluke Konane 0-0: Called Strike
0-1: SINGLE (Line Drive, 34, EV 99.4 MPH)
Du Kim to second
Batting: RHB Brad Santanello 0-0: DOUBLE (Groundball, 5L, EV 98.8 MPH)
Du Kim scores
Puluke Konane to third
Batting: LHB Emir Jalil 0-0: Ball
1-0: Ball
2-0: Ball
3-0: Base on Balls
Batting: RHB Ricardo Aguinaga 0-0: Ball
1-0: Swinging Strike
1-1: Ball
2-1: Ball
3-1: Called Strike
3-2: DOUBLE (Flyball, 8LXD, EV 96.9 MPH)
Puluke Konane scores
Brad Santanello scores
Emir Jalil to third
Batting: RHB Khalil Stephens 0-0: Ball
1-0: Ball
2-0: Swinging Strike
2-1: Called Strike
2-2: Strikes out looking
Batting: LHB Hiroki Yamamoto 0-0: Ball
1-0: Ball
2-0: Foul Ball, location: 2F
2-1: Called Strike
2-2: Strikes out swinging
Bottom of the 3rd over - 3 runs, 4 hits, 0 errors, 2 left on base; Southern Maryland 2 - Paris 3
TOP OF THE 4TH
Southern Maryland Blue Crabs batting - Pitching for Paris Cubs : LHP Ricardo Saucedo
Batting: RHB Matt Berrier 0-0: Ball
1-0: Called Strike
1-1: Called Strike
1-2: Foul Ball, location: 2F
1-2: Ball
2-2: Ball
3-2: Base on Balls
Batting: RHB Jason Burke 0-0: Ball
1-0: DOUBLE (Line Drive, 3D, EV 101.3 MPH)
Matt Berrier to third
Batting: LHB Antonio Gutierrez 0-0: Swinging Strike
0-1: Swinging Strike
0-2: DOUBLE (Flyball, 89D, EV 102.5 MPH)
Matt Berrier scores
Jason Burke scores
Batting: RHB Atsunori Ishikawa 0-0: Ball
1-0: Ball
2-0: Called Strike
2-1: Ball
3-1: Base on Balls
Batting: LHB Ralph Braine 0-0: Called Strike
0-1: Ball
1-1: Ball
2-1: Foul Ball, location: 2F
2-2: Fielders Choice at 2nd, 4-6 (Groundball, 34, EV 88.8 MPH)
Antonio Gutierrez to third
Batting: RHB Ray Sims 0-0: Ball
1-0: Called Strike
Ralph Braine steals 2nd base
1-1: Swinging Strike
1-2: Foul Ball, location: 2F
1-2: Strikes out looking
Batting: RHB Ben Sutton 0-0: SINGLE (Line Drive, 78S, EV 104.4 MPH)
Antonio Gutierrez scores
Ralph Braine to third
Batting: RHB Steve Jones 0-0: Ball
1-0: Called Strike
1-1: Ball
2-1: Foul Ball, location: 2F
2-2: Strikes out swinging
Top of the 4th over - 3 runs, 3 hits, 0 errors, 2 left on base; Southern Maryland 5 - Paris 3
BOTTOM OF THE 4TH
Paris Cubs batting - Pitching for Southern Maryland Blue Crabs : RHP Jason Turley
Batting: RHB Denis Rachin 0-0: Ball
1-0: Ball
2-0: Ball
3-0: Called Strike
3-1: Base on Balls
Batting: RHB Alvaro Romero 0-0: Called Strike
0-1: Ball
1-1: Called Strike
1-2: Ball
2-2: Ball
3-2: Foul Ball, location: 2F
3-2: Base on Balls
Denis Rachin to second
Batting: RHB Du Kim 0-0: Ball
1-0: Called Strike
1-1: Foul Ball, location: 2F
1-2: Ball
2-2: SINGLE (Groundball, 25, EV 66.9 MPH) (infield hit)
Denis Rachin to third
Alvaro Romero to second
Pitching: RHP Marco Benavente
Batting: RHB Puluke Konane 0-0: Ball
1-0: Ball
2-0: Foul Ball, location: 2F
2-1: Called Strike
2-2: Foul Ball, location: 2F
2-2: SINGLE (Groundball, 56S, EV 69.4 MPH) (infield hit)
Denis Rachin scores
Alvaro Romero to third
Du Kim to second
Batting: RHB Brad Santanello 0-0: Ball
1-0: Called Strike
1-1: Ball
2-1: Ball
3-1: Base on Balls
Alvaro Romero scores
Du Kim to third
Puluke Konane to second
Batting: LHB Emir Jalil 0-0: Foul Ball, location: 2F
0-1: Ball
1-1: Ball
2-1: Foul Ball, location: 2F
2-2: Ball
3-2: Strikes out swinging
Batting: RHB Ricardo Aguinaga 0-0: Swinging Strike
0-1: Ball
1-1: Ball
2-1: Foul Ball, location: 2F
2-2: Strikes out swinging
Batting: RHB Khalil Stephens 0-0: Ball
1-0: Ball
2-0: Foul Ball, location: 2F
2-1: Ball
3-1: Foul Ball, location: 2F
3-2: Strikes out looking
Bottom of the 4th over - 2 runs, 2 hits, 0 errors, 3 left on base; Southern Maryland 5 - Paris 5
TOP OF THE 5TH
Southern Maryland Blue Crabs batting - Pitching for Paris Cubs : LHP Ricardo Saucedo
Batting: RHB Ismael Macedo 0-0: Called Strike
0-1: Ground out 5-3 (Groundball, 56, EV 81.3 MPH)
Batting: RHB Matt Berrier 0-0: Swinging Strike
0-1: Swinging Strike
0-2: Ball
1-2: Ball
2-2: SINGLE (Groundball, 6MD, EV 97.5 MPH)
Batting: RHB Jason Burke 0-0: Ball
1-0: Foul Ball, location: 2F
1-1: Ball
2-1: Ball
3-1: Foul Ball, location: 2F
3-2: Foul Ball, location: 2F
3-2: Foul Ball, location: 2F
3-2: Strikes out looking
Batting: LHB Antonio Gutierrez 0-0: Ball
1-0: Ball
2-0: Called Strike
2-1: Ball
3-1: Foul Ball, location: 2F
3-2: Foul Ball, location: 2F
3-2: Base on Balls
Matt Berrier to second
Batting: RHB Atsunori Ishikawa 0-0: Foul Ball, location: 2F
0-1: Ball
1-1: Ball
2-1: Swinging Strike
2-2: Fly out, F9 (Flyball, 89S, EV 90.6 MPH)
Top of the 5th over - 0 runs, 1 hit, 0 errors, 2 left on base; Southern Maryland 5 - Paris 5
BOTTOM OF THE 5TH
Paris Cubs batting - Pitching for Southern Maryland Blue Crabs : RHP Marco Benavente
Batting: LHB Hiroki Yamamoto 0-0: Ground out 1-3 (Groundball, 13, EV 65.0 MPH)
Batting: RHB Denis Rachin 0-0: Ball
1-0: Foul Ball, location: 2F
1-1: Ground out 6-3 (Groundball, 6M, EV 105.0 MPH)
Batting: RHB Alvaro Romero 0-0: Called Strike
0-1: Called Strike
0-2: Strikes out swinging
Bottom of the 5th over - 0 runs, 0 hits, 0 errors, 0 left on base; Southern Maryland 5 - Paris 5
TOP OF THE 6TH
Southern Maryland Blue Crabs batting - Pitching for Paris Cubs : LHP Ricardo Saucedo
Batting: LHB Ralph Braine 0-0: Fly out, F6 (Flyball, 6D, EV 90.6 MPH)
Batting: RHB Ray Sims 0-0: Swinging Strike
0-1: Swinging Strike
0-2: Ball
1-2: Ball
2-2: Ball
3-2: SINGLE (Groundball, 4MD, EV 98.1 MPH)
Pitching: LHP Jose Urena
Batting: RHB Ben Sutton 0-0: Ball
1-0: Ball
2-0: Ball
3-0: Called Strike
3-1: Foul Ball, location: 2F
3-2: Foul Ball, location: 2F
3-2: Foul Ball, location: 2F
3-2: Foul Ball, location: 2F
3-2: Strikes out swinging
Batting: RHB Steve Jones 0-0: Called Strike
0-1: Ball
1-1: Ball
2-1: Foul Ball, location: 2F
2-2: Foul Ball, location: 2F
2-2: 2-RUN HOME RUN (Line Drive, 78XD, EV 115.0 MPH), Distance : 439 ft
Batting: RHB Ismael Macedo 0-0: Swinging Strike
0-1: Ball
1-1: Fly out, F8 (Flyball, 8LXD, EV 100.6 MPH)
Top of the 6th over - 2 runs, 2 hits, 0 errors, 0 left on base; Southern Maryland 7 - Paris 5
BOTTOM OF THE 6TH
Paris Cubs batting - Pitching for Southern Maryland Blue Crabs : RHP Marco Benavente
Batting: RHB Du Kim 0-0: Called Strike
0-1: Called Strike
0-2: Ground out 6-3 (Groundball, 6, EV 80.6 MPH)
Batting: RHB Puluke Konane 0-0: Called Strike
0-1: Ball
1-1: SINGLE (Flyball, 89S, EV 100.6 MPH)
Pitching: RHP Jon Bell
Batting: RHB Brad Santanello 0-0: Ball
Puluke Konane is caught stealing 2nd base 2-4
1-0: Ball
2-0: Swinging Strike
2-1: Called Strike
2-2: Foul Ball, location: 2F
2-2: Ball
3-2: Strikes out looking
Bottom of the 6th over - 0 runs, 1 hit, 0 errors, 0 left on base; Southern Maryland 7 - Paris 5
TOP OF THE 7TH
Southern Maryland Blue Crabs batting - Pitching for Paris Cubs : LHP Jose Urena
Batting: RHB Matt Berrier 0-0: Ball
1-0: Swinging Strike
1-1: Called Strike
1-2: Strikes out swinging
Batting: RHB Jason Burke 0-0: Called Strike
0-1: Called Strike
0-2: Ball
1-2: Ball
2-2: Foul Ball, location: 2F
2-2: Strikes out swinging
Batting: LHB Antonio Gutierrez 0-0: Ball
1-0: Ground out U3 (Groundball, 3S, EV 85.6 MPH)
Top of the 7th over - 0 runs, 0 hits, 0 errors, 0 left on base; Southern Maryland 7 - Paris 5
BOTTOM OF THE 7TH
Paris Cubs batting - Pitching for Southern Maryland Blue Crabs : RHP Jon Bell
Batting: LHB Emir Jalil 0-0: Called Strike
0-1: Ball
1-1: SINGLE (Groundball, 34D, EV 104.4 MPH)
Batting: RHB Ricardo Aguinaga 0-0: Called Strike
0-1: Ball
1-1: Foul Ball, location: 2F
1-2: Ball
2-2: Fly out, F5 (Popup, 5D, EV 76.9 MPH)
Batting: RHB Khalil Stephens 0-0: Ball
1-0: Ball
2-0: DOUBLE (Flyball, 78D, EV 101.3 MPH)
Emir Jalil to third
Batting: LHB Hiroki Yamamoto 0-0: Ball
1-0: Fly out, F8 (Flyball, 8RS, EV 96.3 MPH)
Batting: RHB Denis Rachin 0-0: Ball
1-0: Ball
2-0: DOUBLE (Flyball, 8RD, EV 95.6 MPH)
Emir Jalil scores
Khalil Stephens scores
Batting: RHB Alvaro Romero 0-0: Ball
1-0: Ball
2-0: Called Strike
2-1: Ground out 6-3 (Groundball, 6, EV 99.4 MPH)
Bottom of the 7th over - 2 runs, 3 hits, 0 errors, 1 left on base; Southern Maryland 7 - Paris 7
TOP OF THE 8TH
Southern Maryland Blue Crabs batting - Pitching for Paris Cubs : LHP Jose Urena
Batting: RHB Atsunori Ishikawa 0-0: Ball
1-0: Foul Ball, location: 2F
1-1: Swinging Strike
1-2: Ball
2-2: Fly out, F4 (Line Drive, 4, EV 75.0 MPH)
Pinch Hitting: RHB Tony Godley 0-0: Called Strike
0-1: Swinging Strike
0-2: Strikes out looking
Batting: RHB Ray Sims 0-0: Foul Ball, location: 2F
0-1: Ball
1-1: Ball
2-1: SOLO HOME RUN (Flyball, 78XD, EV 112.5 MPH), Distance : 444 ft
Batting: RHB Ben Sutton 0-0: Ball
1-0: Foul Ball, location: 2F
1-1: Swinging Strike
1-2: Ball
2-2: Foul Ball, location: 2F
2-2: SOLO HOME RUN (Flyball, 7D, EV 98.1 MPH), Distance : 380 ft
Batting: RHB Steve Jones 0-0: Fly out, F8 (Line Drive, 8LD, EV 105.6 MPH)
Top of the 8th over - 2 runs, 2 hits, 0 errors, 0 left on base; Southern Maryland 9 - Paris 7
BOTTOM OF THE 8TH
Paris Cubs batting - Pitching for Southern Maryland Blue Crabs : RHP Jon Bell
Pitching: RHP Tim Bemish
Now in LF: Antonio Gutierrez
Now in CF: Tony Godley
Batting: RHB Du Kim 0-0: Ball
1-0: Ball
2-0: Foul Ball, location: 2F
2-1: Ball
3-1: Ground out 6-3 (Groundball, 6, EV 103.1 MPH)
Batting: RHB Puluke Konane 0-0: Foul Ball, location: 2F
0-1: Swinging Strike
0-2: TRIPLE (Flyball, 9LM, EV 103.1 MPH)
Batting: RHB Brad Santanello 0-0: Ball
1-0: Swinging Strike
1-1: Swinging Strike
1-2: Ground out 5-3 (Groundball, 56S, EV 85.0 MPH)
Puluke Konane scores
Batting: LHB Emir Jalil 0-0: Ball
1-0: DOUBLE (Flyball, 8LXD, EV 89.4 MPH)
Batting: RHB Ricardo Aguinaga 0-0: Ball
1-0: Called Strike
1-1: Swinging Strike
1-2: Ball
2-2: Strikes out looking
Bottom of the 8th over - 1 run, 2 hits, 0 errors, 1 left on base; Southern Maryland 9 - Paris 8
TOP OF THE 9TH
Southern Maryland Blue Crabs batting - Pitching for Paris Cubs : LHP Jose Urena
Batting: RHB Ismael Macedo 0-0: Called Strike
0-1: Foul Ball, location: 2F
0-2: Foul Ball, location: 2F
0-2: Ball
1-2: Foul Ball, location: 2F
1-2: SINGLE (Groundball, 56D, EV 104.4 MPH)
Batting: RHB Matt Berrier 0-0: Ball
1-0: Called Strike
1-1: Foul Ball, location: 2F
1-2: Strikes out swinging
Batting: RHB Jason Burke 0-0: Ball
1-0: Ball
2-0: Ball
3-0: Called Strike
3-1: Swinging Strike
3-2: Grounds into double play, U6-3 (Groundball, P, EV 90.0 MPH)
Top of the 9th over - 0 runs, 1 hit, 0 errors, 0 left on base; Southern Maryland 9 - Paris 8
BOTTOM OF THE 9TH
Paris Cubs batting - Pitching for Southern Maryland Blue Crabs : RHP Tim Bemish
Pitching: RHP Harley Hyde
Batting: RHB Khalil Stephens 0-0: Ball
1-0: Called Strike
1-1: Fly out, F3 (Flyball, 3D, EV 82.5 MPH)
Batting: LHB Hiroki Yamamoto 0-0: Ball
1-0: Ball
2-0: Fly out, F9 (Flyball, 89M, EV 87.5 MPH)
Batting: RHB Denis Rachin 0-0: Called Strike
0-1: Ball
1-1: Called Strike
1-2: Strikes out swinging
Bottom of the 9th over - 0 runs, 0 hits, 0 errors, 0 left on base; Southern Maryland 9 - Paris 8
Thursday, March 31st , 2022 - OOTP Baseball 22.12 Build 89